 Dungeon Crawl Stone Soup version 0.22.1-1-ga44c0e5 (webtiles) character file.

52 Chamehoe the Caller (level 3, 0/19 HPs)
             Began as a Deep Elf Summoner on Oct 29, 2018.
             Slain by an orc
             ... wielding a +0 trident
              (5 damage)
             ... on level 3 of the Dungeon.
             The game lasted 00:07:48 (798 turns).

Chamehoe the Caller (Deep Elf Summoner)              Turns: 798, Time: 00:07:50

Health: 0/19       AC:  2    Str:  5    XL:     3   Next: 60%
Magic:  20/25      EV: 13    Int: 20    God:
Gold:   24         SH:  0    Dex: 15    Spells: 7/10 levels left

rFire    . . .     SeeInvis .   h - staff of power
rCold    . . .     Gourm    .   (no shield)
rNeg     . . .     Faith    .   a - +0 robe
rPois    .         Spirit   .   (no helmet)
rElec    .         Reflect  .   (no cloak)
rCorr    .         Harm     .   (no gloves)
MR       .....                  (no boots)
Stlth    ++........             (no amulet)
HPRegen  0.06/turn              (no ring)
MPRegen  0.19/turn              (no ring)

@: no status effects
A: no striking features
a: no special abilities


You were on level 3 of the Dungeon.
You were not hungry.

You visited 1 branch of the dungeon, and saw 3 of its levels.

You collected 24 gold pieces.

Inventory:

Hand Weapons
 d - a +0 short sword
 f - a +0 quarterstaff
Armour
 a - a +0 robe (worn)
 j - a cursed +0 shield
Magical Staves
 h - an uncursed staff of power (weapon)
Scrolls
 e - a scroll of immolation
 i - 3 scrolls of teleportation
 k - a scroll of blinking {unknown}
 m - a scroll of amnesia {unknown}
 n - a scroll of noise {unknown}
Potions
 b - a potion of heal wounds {unknown}
 g - a potion of flight {unknown}
 l - a potion of resistance {unknown}
 o - a potion of brilliance {unknown}
Comestibles
 c - 4 rations
 p - a chunk of flesh


   Skills:
 - Level 2.5 Dodging
 + Level 2.8 Stealth
 + Level 4.0 Spellcasting
 + Level 5.2 Summonings


You had 7 spell levels left.
You knew the following spells:

 Your Spells              Type           Power        Failure   Level  Hunger
a - Summon Small Mammal   Summ           ####         1%          1    None
b - Call Imp              Summ           ####....     2%          2    #......

Your spell library contained the following spells:

 Spells                   Type           Power        Failure   Level  Hunger
 Call Canine Familiar     Summ           ####....     4%          3    ###....
 Summon Guardian Golem    Hex/Summ       ##......     13%         3    ###....
 Summon Ice Beast         Ice/Summ       ##......     41%         4    ####...
 Summon Lightning Spire   Summ/Air       ##......     41%         4    ####...


Dungeon Overview and Level Annotations

Branches:
Dungeon (3/15)

Altars:
Ru


Message History

The orc priest miscasts a cantrip.
Casting: Call Imp (safe; 2% risk of failure)
Confirm with . or Enter, or press ? or * to list all spells.
A beastly little devil appears in a puff of frigid air.
Your white imp disappears in a puff of smoke!
Your crimson imp closely misses the kobold.
Your crimson imp hits the kobold.
You hit the kobold.
You kill the kobold!
Your crimson imp disappears in a puff of smoke!
Your white imp gestures at the orc priest.
The puff of frost hits the orc priest.
You hit the orc priest but do no damage.
The orc priest is severely wounded.
Your crimson imp hits the orc priest but does no damage.
Your white imp hits the orc priest.
Your white imp freezes the orc priest.
The orc priest dies!
Your Spellcasting skill increases to level 4!
The orc hits you from afar with a trident.
You die...

#######.'#######+
#.#)..#...#
#.#...#...#
###.......#
###._.########
#..)....#...(#
#...#...#5...#
#...#..5#)o..###
+#######@5o....%
....?..........
####.######..## #
##


You could see 2 orcs, 2 friendly crimson imps and a friendly white imp.

Vanquished Creatures
  2 bats (D:2)
  A kobold (D:3)
3 creatures vanquished.

Vanquished Creatures (collateral kills)
  An orc priest (D:3)
  An orc wizard (D:3)
  An adder (D:2)
  3 leopard geckos (D:2)
  An orc (D:3)
  A hobgoblin (D:2)
  A quokka (D:2)
  3 bats
  4 frilled lizards
  3 goblins
  A kobold (D:2)
  2 rats (D:2)
22 creatures vanquished.

Grand Total: 25 creatures vanquished

Notes
Turn   | Place    | Note
-------+----------+-------------------------------------------
     0 | D:1      | Chamehoe the Deep Elf Summoner began the quest for the Orb.
     0 | D:1      | Reached XP level 1. HP: 10/10 MP: 6/6
   159 | D:2      | Reached XP level 2. HP: 15/15 MP: 5/8
   340 | D:2      | Learned a level 2 spell: Call Imp
   762 | D:3      | Found a sacrificial altar of Ru.
   767 | D:3      | Reached skill level 5 in Summonings
   767 | D:3      | Reached XP level 3. HP: 19/19 MP: 10/10
   798 | D:3      | Slain by an orc

Skill      XL: |  1  2  3 |
---------------+----------+-----
Summonings     | 5 |  5.2
Spellcasting   | 4 |  4.0
Dodging        | |  2.5
Stealth        | |  2.8

Action                   || total
-------------------------++-------
Melee: Unarmed           ||     4
       Staff             ||    12
 Cast: Summon Small Mamm ||    23
       Call Imp          ||    13
  Use: Scroll            ||     2
Armor: Robe              ||     8
Dodge: Dodged            ||    33
